 Dungeon Crawl Stone Soup version bcrawl-1.13.1 (webtiles) character file.

Game seed: 356630484902235829

34777 Flugkiller the Cleaver (level 13, -54/84 HPs)
             Began as a Skeleton Sloth Apostle on Aug 5, 2019.
             Was the Champion of Cheibriados.
             Annihilated by a titanic slime creature (73 damage)
             ... on level 10 of the Dungeon.
             The game lasted 00:30:38 (16843 turns).

Flugkiller the Cleaver (Skeleton Sloth Apostle)    Turns: 16843, Time: 00:30:38

Health: -54/84     AC: 15    Str: 35 (36) XL:     13   Next: 44%
Magic:  0/19       EV: 16    Int: 31      God:    Cheibriados [******]
Gold:   1081       SH: 18    Dex: 22 (24) Spells: 13/20 levels left

rFire    . . .     SeeInvis .   h - +0 broad axe
rCold    + + .     Gourm    .   c - +0 shield
rNeg     + + +     Faith    .   w - +2 ring mail {MR+}
rPois    ∞         Spirit   +   i - +1 helmet {Int+3}
rElec    .         Reflect  +   m - +0 cloak
rCorr    .         Harm     .   (no gloves)
MR       +++..                  s - +2 pair of boots
Stlth    +++.......             x - +4 amulet of reflection
HPRegen  0.24/turn              C - ring of protection from magic
MPRegen  0.16/turn              z - ring of protection from cold

@: very slow
A: no food or potions, cold resistance 1, deterioration 1, negative energy
resistance 3, powered by death 1, torment resistance, unbreathing, magic shield,
sturdy frame 2, spell healing
a: Bend Time, Temporal Distortion, Slouch, Step From Time, Renounce Religion


You were on level 10 of the Dungeon.
You worshipped Cheibriados.
Cheibriados was exalted by your worship.
You were not hungry.

You visited 2 branches of the dungeon, and saw 16 of its levels.
You also visited: Sewer and Ice Cave.

You collected 1226 gold pieces.
You spent 145 gold pieces at shops.

Inventory:

Hand Weapons
 h - a +0 broad axe (weapon)
 n - a +4 hunting sling of flaming
Missiles
 g - 355 javelins (quivered)
 o - 518 sling bullets
 B - a throwing net {!f}
Armour
 c - a +0 shield (worn)
 i - a +1 helmet of intelligence (worn)
 m - a +0 cloak (worn)
 s - a +2 pair of boots (worn)
 w - a +2 ring mail of magic resistance (worn)
Jewellery
 b - the ring of Equilibrium {rPois rF- MR+ SInv}
   (You bought it in a shop on level 4 of the Dungeon)

   [ring of see invisible]

   It makes you vulnerable to fire.
   It protects you from poison.
   It affects your resistance to hostile enchantments.
   It lets you see invisible.
 x - a +4 amulet of reflection (around neck)
 z - a ring of protection from cold (right hand)
 C - a ring of protection from magic (left hand)
Wands
 a - a wand of disintegration (9)
 d - a wand of digging (4)
 l - a wand of polymorph (10)
 t - a wand of paralysis (7)
 u - a wand of random effects (11)
 v - a wand of flame (19)
 y - a wand of enslavement (3)
Scrolls
 e - 5 scrolls of magic mapping
 f - a scroll of enchant armour
 j - 3 scrolls of enchant weapon
 k - 6 scrolls of remove curse
 p - 5 scrolls of identify
 r - 3 scrolls of amnesia
 A - 3 scrolls of immolation


   Skills:
 + Level 11.2 Fighting
 + Level 12.0(12.2) Axes
   Level 3.7(8.7) Polearms
 + Level 6.5 Armour
 + Level 6.4 Dodging
 - Level 3.6 Stealth
 - Level 9.0 Shields
 - Level 4.1 Spellcasting
 - Level 5.0 Conjurations
 - Level 5.0 Hexes
 - Level 3.2 Charms
 - Level 2.0 Fire Magic
 - Level 9.0 Invocations
 - Level 5.0 Evocations


You had 13 spell levels left.
You knew the following spells:

 Your Spells              Type           Power        Failure   Level  Hunger
a - Slow                  Hex            #####...     1%          1    N/A
b - Spectral Weapon       Hex/Chrm       ####....     8%          3    N/A
c - Conjure Flame         Conj/Fire      ####....     10%         3    N/A

Your spell library contained the following spells:

 Spells                   Type           Power        Failure   Level  Hunger
 Magic Dart               Conj           ####         1%          1    N/A
 Infusion                 Chrm           ####....     3%          1    N/A
 Song of Slaying          Chrm           ####....     5%          2    N/A
 Blink                    Tloc           N/A          21%         2    N/A
 Call Imp                 Summ           #.......     21%         2    N/A
 Sticks to Snakes         Tmut           #.......     21%         2    N/A
 Mephitic Cloud           Conj/Pois/Air  ###.....     21%         3    N/A
 Ozocubu's Armour         Chrm/Ice       ###.....     22%         3    N/A
 Irradiate                Conj/Tmut      ###.......   80%         5    N/A
 Metabolic Englaciation   Hex/Ice        ###.......   80%         5    N/A
 Bolt of Cold             Conj/Ice       ###.......   100%        6    N/A
 Freezing Cloud           Conj/Ice/Air   ###.......   100%        6    N/A
 Ozocubu's Refrigeration  Ice            #.........   100%        6    N/A
 Simulacrum               Ice/Necr       #.........   100%        6    N/A
 Beastly Appendage        Tmut           Unusable     N/A         1    N/A
 Regeneration             Chrm/Necr      Unusable     N/A         3    N/A
 Spider Form              Tmut/Pois      Unusable     N/A         3    N/A
 Ice Form                 Ice/Tmut       Unusable     N/A         4    N/A
 Tree Form                Hex/Tmut       Unusable     N/A         5    N/A
 Blade Hands              Tmut           Unusable     N/A         5    N/A
 Statue Form              Tmut/Erth      Unusable     N/A         6    N/A
 Dragon Form              Tmut           Unusable     N/A         7    N/A
 Necromutation            Tmut/Necr      Unusable     N/A         8    N/A

Dungeon Overview and Level Annotations

Branches:
Dungeon (10/12)            Temple (0/1) D:6            Lair (6/6) D:8
  Swamp (0/3) Lair:3       Spider (0/3) Lair:4        Slime (0/5) Lair:5
    Orc (0/1) D:8

Altars:
Cheibriados
Elyvilon
Gozag
Hepliaklqana
Makhleb
Nemelex Xobeh
Wu Jian
Xom
The Shining One
Jiyva

Shops:
D:4 *   D:8 [(

Annotations:
D:9 exclusion: hydra
Lair:1 1 runed translucent door, cirnu's ghost, novice DsFi
Lair:2 exclusion: hydra
Lair:4 exclusion: oklob plant
Lair:5 1 runed door
Lair:6 exclusion: hydra


Innate Abilities, Weirdness & Mutations

You do not eat or drink.
You are immune to poison.
Your flesh is cold resistant. (rC+)
Your body sometimes deteriorates upon taking damage.
You are immune to negative energy. (rN+++)
You regenerate a little health from kills.
You are immune to unholy pain and torment.
You can survive without breathing.
When hurt, damage is shared between your health and your magic reserves.
Your movements are less encumbered by armour. (ER -4)
Casting spells heals you.


Message History

The orc barely misses you. You block the slime creature's attack.
The very large slime creature hits you!!!
You block the orc's attack.
Unknown command.
Unknown command.
Two slime creatures merge to form an enormous slime creature.
Unknown command.
You block the slime creature's attack.
The orc priest mumbles some strange prayers to Beogh against you.
Beogh smites you!
Your body deteriorates!
You feel clumsy. The slime creature closely misses you.
The orc priest calls down the wrath of Beogh upon you.
Beogh smites you!
* * * LOW HITPOINT WARNING * * *
Unknown command.
Two slime creatures merge to form a titanic slime creature.
The titanic slime creature hits you!!!!
Ouch! That really hurt!
You die...

#. # #. #.#.###### .#...
... . .... ..# ### .. ..#
#.# ...# ... #.#
#.#######...# ....#####@#
#.##....#...#
.......o#J###.##....#...#
......)o.O.....'........#
.#.......###.##........#
#.###.### #.##........#
...# #.##........# #####
#.##....#.###
#.#######..# #.#
######.##


You could see a titanic slime creature and an ogre.

Vanquished Creatures
  Harold (Lair:2)
  6 hydras
  A two-headed ogre (D:9)
  An ogre mage (D:9)
  A tengu warrior (D:10)
  Pikel (D:4)
  A cyclops (D:8)
  2 ugly things (IceCv)
  8 cane toads
  2 black mambas
  2 centaur skeletons
  A kobold demonologist (D:10)
  6 rime drakes
  3 komodo dragons
  3 trolls
  3 polar bears (Lair:4)
  5 blink frogs (Lair:4)
  A slime creature (Lair:1)
  2 bog bodies (Lair:3)
  7 hippogriffs
  2 wyverns
  20 yaks
  3 basilisks
  A hog (shapeshifter) (D:10)
  3 wargs
  15 water moccasins
  3 orc warriors
  2 slaves (D:4)
  6 porcupines
  A sky beast (D:8)
  2 black bears
  A necrophage (D:9)
  7 ice beasts
  6 ogres
  A phantom (D:9)
  26 wolves
  3 centaurs
  4 boggarts (Lair:4)
  11 crocodiles
  17 bullfrogs
  3 scorpions
  6 killer bees (D:9)
  8 wights
  4 howler monkeys
  3 crimson imps
  2 bullfrog zombies
  2 centaur zombies
  5 orc priests
  A bullfrog skeleton (D:6)
  3 hounds
  7 jellies (Lair:1)
  Ijyb (D:3)
  Terence (D:2)
  4 iguanas
  12 orc wizards
  5 worker ants
  2 hound zombies
  2 worker ant zombies
  Robin (D:3)
  9 gnolls
  2 howler monkey zombies
  A howler monkey skeleton (D:4)
  10 adders
  13 oozes
  An adder skeleton (D:6)
  4 worms
  2 dart slugs
  4 leopard geckos
  39 orcs
  6 ball pythons
  6 giant cockroaches
  14 hobgoblins
  6 jackals
  10 kobolds
  4 quokkas
  7 bats
  12 frilled lizards
  13 goblins
  11 rats
  5 fungi
  7 plants
449 creatures vanquished.

Vanquished Creatures (collateral kills)
  A two-headed ogre (D:9)
  A centaur skeleton (D:9)
  An ogre (D:9)
3 creatures vanquished.

Vanquished Creatures (others)
  A two-headed ogre (D:9)
  A sky beast (D:4)
  An orc priest (D:4)
  A worm (D:4)
  A ball python (D:4)
  13 fungi
  3 plants
  A spectral weapon (D:9)
22 creatures vanquished.

Grand Total: 474 creatures vanquished

Notes
Turn   | Place    | Note
-------+----------+-------------------------------------------
     0 | D:1      | Flugkiller the Skeleton Sloth Apostle began the quest for
                  | the Orb.
     0 | D:1      | Reached XP level 1. HP: 12/12 MP: 3/3
   538 | D:1      | Reached XP level 2. HP: 18/18 MP: 4/4
   836 | D:1      | Reached skill level 1 in Invocations
  1145 | D:1      | Reached XP level 3. HP: 10/22 MP: 3/5
  1804 | D:2      | Noticed Terence
  2018 | D:2      | Killed Terence
  2018 | D:2      | Reached XP level 4. HP: 8/28 MP: 3/6
  2415 | D:2      | Found a white marble altar of Elyvilon.
  2762 | D:2      | Reached * piety under Cheibriados
  3037 | D:3      | Noticed Ijyb
  3339 | D:3      | Noticed a centaur
  3350 | D:3      | Killed a centaur
  3350 | D:3      | Reached skill level 1 in Axes
  3350 | D:3      | Reached skill level 1 in Armour
  3350 | D:3      | Reached XP level 5. HP: 16/32 MP: 3/7
  3714 | D:3      | Reached skill level 2 in Axes
  3846 | D:3      | Gained mutation: You regenerate a little health from kills.
                  | [Skeleton growth]
  3846 | D:3      | Reached XP level 6. HP: 38/38 MP: 8/8
  3861 | D:3      | Noticed Robin
  3882 | D:3      | Killed Robin
  4099 | D:3      | Killed Ijyb
  4217 | D:3      | Reached ** piety under Cheibriados
  4619 | D:3      | Reached skill level 3 in Axes
  4908 | D:4      | Noticed a slave
  4909 | D:4      | Noticed a slave
  4909 | D:4      | Noticed Pikel
  4909 | D:4      | Noticed a slave
  4929 | D:4      | Killed a slave
  4932 | D:4      | Reached XP level 7. HP: 26/44 MP: 5/9
  5134 | D:4      | Found Qaycoc's Assorted Antiques.
  5140 | D:4      | Bought an ancient turquoise ring for 145 gold pieces
  5140 | D:4      | Identified the ring of Equilibrium {rPois rF- MR+ SInv}
                  | (You bought it in a shop on level 4 of the Dungeon)
  5357 | D:4      | Killed Pikel
  5357 | D:4      | Reached skill level 5 in Fighting
  5357 | D:4      | Reached skill level 4 in Axes
  5357 | D:4      | Reached XP level 8. HP: 16/49 MP: 1/11
  5787 | D:5      | Entered Level 5 of the Dungeon
  5810 | D:5      | Reached skill level 5 in Axes
  5853 | D:5      | Found a glowing drain.
  5862 | Sewer    | Entered a sewer
  5872 | Sewer    | Reached *** piety under Cheibriados
  6063 | Sewer    | Reached skill level 5 in Armour
  6547 | D:5      | Noticed a two-headed ogre
  6992 | D:6      | Found an opulent altar of Gozag.
  7106 | D:6      | Reached **** piety under Cheibriados
  7207 | D:6      | Reached skill level 6 in Axes
  7207 | D:6      | Reached skill level 5 in Invocations
  7336 | D:6      | Reached XP level 9. HP: 39/55 MP: 8/12
  7364 | D:6      | Found a staircase to the Ecumenical Temple.
  7407 | D:6      | Found an ornate altar of the Wu Jian Council.
  7682 | D:6      | Learned a level 3 spell: Spectral Weapon
  7798 | D:7      | Reached skill level 1 in Dodging
  7943 | D:7      | Reached ***** piety under Cheibriados
  8442 | D:8      | Found a staircase to the Orcish Mines.
  8506 | D:8      | Reached skill level 7 in Axes
  8515 | D:8      | Noticed a troll
  8532 | D:7      | Killed a troll
  8532 | D:7      | Reached skill level 5 in Shields
  8832 | D:8      | Found Xatz's Armour Shop.
  9002 | D:8      | Gained mutation: Your movements are less encumbered by
                  | armour. (ER -4) [Skeleton growth]
  9002 | D:8      | Reached XP level 10. HP: 44/63 MP: 9/14
  9223 | D:8      | Found a staircase to the Lair.
  9264 | D:8      | Reached skill level 8 in Axes
  9367 | D:8      | Found a hazy altar of Hepliaklqana.
  9367 | D:8      | Found a burning altar of Makhleb.
  9367 | D:8      | Found a snail-covered altar of Cheibriados.
  9367 | D:8      | Found a sparkling altar of Nemelex Xobeh.
  9367 | D:8      | Noticed a cyclops
  9386 | D:8      | Killed a cyclops
  9674 | D:8      | Found a glowing golden altar of the Shining One.
  9674 | D:8      | Found a shimmering altar of Xom.
  9707 | D:8      | Found Uxuavva's Weapon Shop.
  9844 | Lair:1   | Entered Level 1 of the Lair of Beasts
  9863 | Lair:1   | Reached skill level 5 in Hexes
  9963 | Lair:1   | Noticed a cane toad
  9973 | Lair:1   | Killed a cane toad
  9973 | Lair:1   | Reached skill level 9 in Axes
  9989 | Lair:1   | Noticed a cane toad
  9997 | Lair:1   | Killed a cane toad
 10032 | Lair:1   | Found a runed translucent door.
 10036 | Lair:1   | Noticed cirnu's ghost (novice DsFi)
 10418 | Lair:1   | Reached XP level 11. HP: 46/69 MP: 10/16
 10611 | Lair:1   | Reached skill level 10 in Axes
 11273 | Lair:2   | Noticed a six-headed hydra
 11296 | Lair:2   | Killed a six-headed hydra
 11344 | Lair:2   | Learned a level 3 spell: Conjure Flame
 11361 | Lair:2   | Reached skill level 1 in Evocations
 11399 | Lair:2   | Noticed Harold
 11416 | Lair:2   | Killed Harold
 11416 | Lair:2   | Reached skill level 1 in Conjurations
 11416 | Lair:2   | Reached skill level 1 in Fire Magic
 12161 | Lair:2   | Reached skill level 11 in Axes
 12182 | Lair:2   | Noticed a seven-headed hydra
 12425 | Lair:3   | Reached skill level 10 in Fighting
 12442 | Lair:3   | Reached ****** piety under Cheibriados
 12556 | Lair:3   | Found a frozen archway.
 12589 | IceCv    | Entered an ice cave
 12589 | IceCv    | Noticed a white ugly thing
 12596 | IceCv    | Killed a white ugly thing
 12596 | IceCv    | Reached XP level 12. HP: 67/78 MP: 4/17
 12598 | IceCv    | Found a transporter.
 13187 | Lair:3   | Noticed a seven-headed hydra
 13359 | Lair:3   | Killed a seven-headed hydra
 13359 | Lair:3   | Reached skill level 5 in Dodging
 13425 | Lair:3   | Found a staircase to the Swamp.
 13809 | Lair:4   | Found a hole to the Spider Nest.
 13922 | Lair:4   | Reached skill level 5 in Evocations
 14053 | Lair:4   | Noticed a four-headed hydra
 14061 | Lair:4   | Killed a four-headed hydra
 14894 | Lair:5   | Noticed a five-headed hydra
 14902 | Lair:5   | Noticed an eight-headed hydra
 14916 | Lair:5   | Killed a nine-headed hydra
 15174 | Lair:5   | Killed a ten-headed hydra
 15174 | Lair:5   | Reached XP level 13. HP: 82/84 MP: 19/19
 15240 | Lair:5   | Found a runed door.
 15241 | Lair:5   | Found a viscous altar of Jiyva.
 15243 | Lair:5   | Found a staircase to the Slime Pits.
 15616 | Lair:6   | Entered Level 6 of the Lair of Beasts
 15833 | D:9      | Reached skill level 1 in Charms
 16096 | D:9      | Reached skill level 5 in Conjurations
 16654 | D:10     | Entered Level 10 of the Dungeon
 16769 | D:10     | Reached skill level 12 in Axes
 16843 | D:10     | Annihilated by a titanic slime creature

Skill      XL: |  1  2  3  4  5  6  7  8  9 10 11 12 13 |
---------------+----------------------------------------+-----
Polearms       | 3 |  3.7
Invocations    | 1 2 3 4 5 7 8 9 |  9.0
Fighting       | 3 4 5 6 7 8 10 11 | 11.2
Axes           | 1 2 3 4 6 7 9 11 12 | 12.0
Armour         | 1 2 3 4 5 6 |  6.5
Shields        | 3 5 6 9 |  9.0
Dodging        | 1 4 6 |  6.4
Spellcasting   | 2 4 |  4.1
Hexes          | 3 5 |  5.0
Evocations     | 3 5 |  5.0
Conjurations   | 3 5 |  5.0
Fire Magic     | 2 |  2.0
Charms         | 3 |  3.2
Stealth        | |  3.6

Action                   |  1- 3 |  4- 6 |  7- 9 | 10-12 | 13-15 || total
-------------------------+-------+-------+-------+-------+-------++-------
Melee: Spear             |   159 |    64 |       |       |       ||   223
       Broad axe         |       |   224 |   440 |   570 |   208 ||  1442
Throw: Javelin           |     2 |       |     1 |       |       ||     3
 Cast: Spectral Weapon   |       |       |       |     4 |     1 ||     5
       Conjure Flame     |       |       |       |       |     2 ||     2
Invok: Bend Time         |     1 |     1 |     5 |     8 |       ||    15
       Slouch            |       |       |     1 |     4 |     1 ||     6
       Temporal Distorti |       |       |       |     1 |       ||     1
       Step From Time    |       |       |       |     1 |       ||     1
Evoke: Wand              |     2 |     1 |    10 |    23 |     3 ||    39
  Use: Scroll            |       |     6 |     6 |     7 |     3 ||    22
 Stab: Sleeping          |     7 |       |     2 |     6 |     2 ||    17
       Paralysed         |     7 |     4 |       |     9 |       ||    20
       Distracted        |       |       |       |     1 |     1 ||     2
Armor: Robe              |    16 |       |       |       |       ||    16
       Chain mail        |       |   141 |   214 |       |       ||   355
       Ring mail         |       |       |    45 |   190 |    59 ||   294
Dodge: Dodged            |    30 |    63 |   115 |   290 |   100 ||   598
Block: Shield            |    42 |   140 |   279 |   609 |   220 ||  1290
       Reflection        |       |       |       |     2 |     1 ||     3
